 Dungeon Crawl Stone Soup version 0.16-a0-1970-g0967df0 (console) character file.

116 Fusha the Charmwright (level 4, -2/30 HPs)
             Began as a High Elf Skald on Nov 7, 2014.
             Slain by an orc priest
             ... wielding a +0 whip
              (4 damage)
             ... on level 2 of the Dungeon.
             The game lasted 00:10:12 (2665 turns).

Fusha the Charmwright (High Elf Skald)              Turns: 2665, Time: 00:10:12

Health: -2/30      AC:  5    Str: 11    XL:     4   Next: 69%
Magic:  9/11       EV: 12    Int: 16    God:
Gold:   170        SH:  3    Dex: 15    Spells: 3 memorised, 2 levels left

rFire  . . .     SeeInvis .     a - +1 falchion
rCold  + . .     Clarity  .     e - +2 robe {rN+}
rNeg   + . .     SustAb   .     o - +0 buckler
rPois  .         Gourm    .     (no helmet)
rElec  .         Spirit   .     (no cloak)
rCorr  .         Warding  .     (no gloves)
rMut   .         Stasis   .     g - +0 pair of boots
MR     .....                    (no amulet)
Stlth  +.........               (no ring)
                                p - ring of protection from cold

@: infused, not resistant to hostile enchantments, very unstealthy
A: no striking features
a: no special abilities


You were on level 2 of the Dungeon.
You were not hungry.

You visited 1 branch of the dungeon, and saw 3 of its levels.

You collected 170 gold pieces.

Inventory:

Hand weapons
 a - a +1 falchion (weapon)
Missiles
 f - 158 stones (quivered)
Armour
 b - a +0 leather armour
 e - a +2 robe of positive energy (worn)
 g - a +0 pair of boots (worn)
 j - a +0 ring mail
 o - a +0 buckler (worn)
Jewellery
 p - a ring of protection from cold (left hand)
Scrolls
 r - a scroll of identify {unknown}
 s - a scroll of remove curse
Potions
 h - a potion of heal wounds {unknown}
 m - 2 potions of magic {unknown}
Books
 c - a book of Battle

   Spells                             Type                      Level
   *Infusion                          Charms                       1
   *Shroud of Golubria                Charms/Translocation         2
   Song of Slaying                    Charms                       2
   Spectral Weapon                    Hexes/Charms                 3
   *Regeneration                      Charms/Necromancy            3
Comestibles
 d - 2 bread rations
 i - 3 fruits
 k - a slice of pizza
 n - a meat ration


   Skills:
 + Level 2.6 Fighting
 * Level 3.7 Long Blades
 - Level 0.8 Armour
 + Level 2.4 Dodging
 + Level 0.0 Shields
 + Level 2.8 Spellcasting
 * Level 4.5 Charms


You had 2 spell levels left.
You knew the following spells:

 Your Spells              Type           Power        Failure   Level  Hunger
a - Infusion              Chrm           ###...       4%          1    #......
b - Regeneration          Chrm/Necr      #.........   34%         3    ###....
c - Shroud of Golubria    Chrm/Tloc      #.........   17%         2    ##.....


Dungeon Overview and Level Annotations

Branches:
Dungeon (3/15)

Altars:
Cheibriados
Makhleb
Vehumet


Message History

The orc priest is heavily wounded.
The orc priest completely misses you. The orc misses you.
You hit the orc priest.
The orc priest is severely wounded.
The orc priest calls down the wrath of Beogh upon you.
Something smites you!
* * * LOW HITPOINT WARNING * * *
The orc barely misses you.
You barely miss the orc priest.
The orc priest is severely wounded.
The orc priest hits you with a whip.
* * * LOW HITPOINT WARNING * * *
The orc misses you.
You hit the orc priest but do no damage.
The orc priest is severely wounded.
The orc priest closely misses you. You block the orc's attack.
You hit the orc priest but do no damage.
The orc priest is severely wounded.
The orc priest hits you with a whip.
You die...

♣♣...♣♣♣♣ ♣♣.♣ ♣...♣♣♣. ..♣♣♣♣
♣..♣♣ ♣♣...... .♣♣ ♣♣..♣♣♣
♣♣♣♣♣♣♣ ♣♣ ♣♣...♣ ♣♣♣.♣
##################.##############
..............)..#..........#....
#######.########.o............#..
#.# ###..@oK.........###.. #.##
#...###......_...# ##.
##..###.### ##........## ###
#.......# ##........###..
#.......## ########.##..8
#...PPPPP# #.#.... #.......P#
#.#.).. #...P...P# #.#....
###.P...P# #......


You could see an orc priest, an orc and a kobold.

Vanquished Creatures
  Ijyb (D:2)
  5 adders (D:2)
  2 worms (D:2)
  A giant gecko (D:2)
  8 bats
  2 giant cockroaches (D:2)
  7 hobgoblins
  4 kobolds
  4 giant newts
  5 goblins
  7 rats
  A plant (D:2)
47 creatures vanquished.

Notes
Turn   | Place    | Note
--------------------------------------------------------------
     0 | D:1      | Fusha, the High Elf Skald, began the quest for the Orb.
     0 | D:1      | Reached XP level 1. HP: 14/14 MP: 4/4
   597 | D:1      | Reached XP level 2. HP: 19/19 MP: 6/6
  1019 | D:2      | Noticed Ijyb
  1047 | D:2      | Killed Ijyb
  1047 | D:2      | Reached skill level 4 in Charms
  1047 | D:2      | Reached XP level 3. HP: 8/25 MP: 2/8
  1381 | D:2      | Learned a level 3 spell: Regeneration
  1384 | D:2      | Learned a level 2 spell: Shroud of Golubria
  1403 | D:2      | Found a radiant altar of Vehumet.
  1403 | D:2      | Found a burning altar of Makhleb.
  1809 | D:2      | Reached XP level 4. HP: 28/30 MP: 6/11
  2406 | D:2      | Found a snail-covered altar of Cheibriados.
  2665 | D:2      | Slain by an orc priest

Action                   |  1- 3 |  4- 6 || total
-------------------------+-------+-------++-------
Melee: Falchion          |   102 |    99 ||   201
Throw: Stone             |     9 |       ||     9
 Cast: Infusion          |     4 |     3 ||     7
  Use: Scroll            |     2 |       ||     2
       Potion            |     2 |     1 ||     3
 Stab: Sleeping          |     1 |     1 ||     2
  Eat: Chunk             |     3 |     3 ||     6
